Beatisem, chaotic male elven Priest -------- ---.|....| |.`.....`|---------- |.-..`-`.|.|.......| |...-....`.|.......| |.-....|...|.......| |....-.--.-|..............@| ------------------ Beatisem the Adept Experience level: 6 Strength: 12 Dexterity: 10 Constitution: 16 Intelligence: 8 Wisdom: 20 Charisma: 13 Health: 0(50) Energy: 105(105) Def: 14 Gold: 509 Moves: 4888 Dungeon seed: 9phBZzyXGrPc-DJa Game ID: Beatisem_1523914209 Your Inventory: Coins $ - 509 gold pieces Weapons a - a blessed +1 mace (weapon in hand) B - a +0 sling Q - 5 +0 daggers Armor e - a +0 robe (being worn) n - a +0 small shield (being worn) q - a blessed greased +2 black dragon scale mail (being worn) r - a blessed +1 large shield Comestibles c - a clove of garlic d - a sprig of wolfsbane p - a food ration t - 3 cram rations z - 3 tripe rations C - a partly eaten food ration F - a lembas wafer G - a slime mold K - a tin of wererat meat P - 2 fortune cookies Scrolls s - a blessed scroll of light v - a scroll of identify x - a scroll of teleportation H - 2 scrolls of earth Spellbooks f - a spellbook of healing g - a spellbook of cure sickness Potions b - 3 potions of holy water w - a potion of sickness Rings y - a cursed ring of levitation D - a ring of teleport control (on left hand) I - a ring of protection from shape changers M - a ring of conflict R - a ring of see invisible (on right hand) U - a cursed -1 ring of protection Wands k - a wand of digging (0:4) E - a wand of light (0:11) L - a wand of light (0:11) Tools h - a bell m - a skeleton key u - a magic whistle Spells and supernatural/magical abilities: Name Level Category Fail Memory h - healing 1 healing 0% 76% K - cure sickness 3 healing 39% 76% W - pray for help -- divine ? -- X - turn undead -- divine ? -- Your skills at the end: Fighting Skills Weapon Skills mace [Basic] Spellcasting Skills clerical spells [Basic] Final Attributes: You were piously aligned. You were sleep resistant. You were disintegration-resistant. You saw invisible. You were telepathic. You had infravision. You had teleport control. You are dead. Vanquished creatures: a dingo a blue jelly a gnome mummy a rock mole a shrieker a black naga hatchling 2 golden naga hatchlings a gray ooze a baby crocodile 2 little dogs 3 floating eyes a homunculus a kobold lord 2 rothes a centipede 2 giant bats a monkey 2 dwarf zombies a werejackal a gas spore a hobbit 3 manes a giant rat a yellow mold 3 green molds a gnome 2 garter snakes 2 gnome zombies 3 geckos 10 jackals a kobold 4 goblins 2 sewer rats 12 grid bugs 5 lichens 4 kobold zombies 5 newts 87 creatures vanquished. Voluntary challenges: You used a wielded weapon 116 times, starting on turn 47. You were illiterate. You never genocided any monsters. You never polymorphed an object. You never changed form. You used 1 wish, starting on turn 1287. You did not wish for any artifacts. You never split a pudding. You never wrote Elbereth's name. You violated your moral code, losing 22 points of alignment, starting on turn 3597. Dungeon overview: The Dungeons of Doom: levels 1 to 7 Level 1 an altar to Kos, some fountains a long staircase Level 2 Level 3 a fountain a long staircase Level 4 Level 5 a fountain Level 6 many fountains Level 7 an altar to Kos stairs to Sokoban Sokoban: levels 4 to 6 Level 4 <- You were here Level 5 Level 6 stairs to The Dungeons of Doom History has recorded: On T:1 you entered the Dungeons of Doom to retrieve the Amulet of Yendor! On T:606 you reached level 2 of The Dungeons of Doom. On T:1287 you wished for "blessed greased +2 dragon scale mail". On T:1530 you advanced to experience level 2. On T:1552 you advanced to experience level 3. On T:1703 you reached level 3 of The Dungeons of Doom. On T:2003 you advanced to experience level 4. On T:2042 you reached level 4 of The Dungeons of Doom. On T:2363 you reached level 5 of The Dungeons of Doom. On T:2582 you reached level 6 of The Dungeons of Doom. On T:2677 you advanced to experience level 5. On T:3028 you reached level 7 of The Dungeons of Doom. On T:3127 you reached level 4 of Sokoban. On T:3653 you advanced to experience level 6. On T:3683 you reached level 3 of Sokoban. On T:4342 you reached level 2 of Sokoban. Score breakdown: Gold: 509 ( 9210 points) Experience: 6 levels (12456 points) Exploration: 7 levels ( 14.29%) (10606 points) Discoveries: 3 items ( 1.05%) ( 3067 points) Valuables value: (no points given unless you survive) Artifact value: 0 ( 0 points) Variety of kills: 37 monsters ( 9.71%) ( 9348 points) Turncount: 4888 turns (-1321 points) Survival: died (score multiplied by 80%) Total score: 34692 Latest messages: The boulder falls into and plugs a hole in the floor! With great effort you move the boulder. You try to move the boulder, but in vain. (6x) With great effort you move the boulder. The boulder falls into and plugs a hole in the floor! That door is closed. You succeed in unlocking the door. The door opens. The wood nymph zaps a spiked wand! The jackal is killed by the bolt of cold! (2x) The bolt of cold whizzes by you! There is an open door here. You see here a jackal corpse. The wood nymph zaps a wand of cold! The bolt of cold hits you! One of your potions of holy water freezes and shatters! Your potion of water freezes and shatters! The bolt of cold bounces! The bolt of cold whizzes by you! The wood nymph zaps a wand of cold! The black naga hatchling is killed by the bolt of cold! The bolt of cold hits you! You die... Final status: Goodbye Beatisem the Priest, killed by a bolt of cold... You died in Sokoban on dungeon level 4 with 34692 points, and 509 pieces of gold, after 4888 moves. You were level 6 with a maximum of 50 hit points when you died.